 Dungeon Crawl Stone Soup version 0.15.1-1-gfacfea3 (webtiles) character file.

1720 Kashira the Nimble (level 8, 25/36 HPs)
             Began as a Felid Skald on Sept 24, 2014.
             Was a Believer of Yredelemnul.
             Quit the game on Level 7 of the Dungeon.
             The game lasted 00:38:28 (8289 turns).

Kashira the Nimble (Felid Skald)                    Turns: 8289, Time: 00:38:29

HP  25/36        AC  2     Str  8      XL: 8   Next: 75%
MP  18/18        EV 23     Int 15      God: Yredelemnul [**....]
Gold 243         SH  0     Dex 16      Spells:  4 memorised,  3 levels left
Lives: 2, deaths: 0

rFire  + + .     SeeInvis +       - Unarmed
rCold  . . .     Clarity  .     (armour unavailable)
rNeg   . . .     rCorr    .     (shield unavailable)
rPois  .         rRot     .     (helmet unavailable)
rElec  .         Spirit   .     (cloak unavailable)
SustAb .         Warding  .     (gloves unavailable)
rMut   .         Stasis   .     (boots unavailable)
Gourm  .                        (no amulet)
MR     +....                    i - ring of protection from fire
                                e - ring of protection from fire

@: quick, somewhat resistant to hostile enchantments, unstealthy
A: paw claws, no armour, no weapons or thrown items, fangs 3, see invisible,
carnivore 3, speed 1, shaggy fur 2, slow metabolism 1, jump 2
a: Jump Attack, Animate Remains, Recall Undead Slaves, Injury Mirror, Renounce
Religion


You were on level 7 of the Dungeon.
You worshipped Yredelemnul.
Yredelemnul was pleased with you.
You were full.

You visited 1 branch of the dungeon, and saw 8 of its levels.

You collected 243 gold pieces.

Inventory:

Magical devices
 r - a wand of fire (6) {unknown}
 t - a wand of confusion (6)
 w - a wand of draining (5)
Comestibles
 d - 3 meat rations
 l - a beef jerky
 q - 2 slices of pizza
Scrolls
 a - a scroll of identify
 f - 2 scrolls of remove curse
 j - a scroll of random uselessness
 o - a scroll of magic mapping
 s - a scroll of enchant weapon {unknown}
 u - a scroll of enchant armour {unknown}
Jewellery
 e - a ring of protection from fire (left paw)
 i - a ring of protection from fire (right paw)
Potions
 b - a potion of curing
 g - a potion of agility
 h - a potion of haste
 k - a potion of lignification
 m - 2 potions of restore abilities
 n - a potion of brilliance
 v - a potion of invisibility
Books
 c - a book of Battle

   Spells                             Type                      Level
   *Infusion                          Charms                       1
   *Shroud of Golubria                Charms/Translocation         2
   *Song of Slaying                   Charms                       2
   Spectral Weapon                    Hexes/Charms                 3
   *Regeneration                      Charms/Necromancy            3


   Skills:
 * Level 4.7 Fighting
 - Level 8.1 Dodging
 - Level 6.1 Unarmed Combat
 - Level 2.2 Spellcasting
 - Level 6.1 Charms
 + Level 3.4 Necromancy
 + Level 1.9 Evocations


You had 3 spell levels left.
You knew the following spells:

 Your Spells              Type           Power        Failure   Level  Hunger
a - Infusion              Chrm           ###...       1%          1    #......
b - Shroud of Golubria    Chrm/Tloc      ##........   12%         2    ###....
c - Song of Slaying       Chrm           ###.....     2%          2    ###....
d - Regeneration          Chrm/Necr      ###.......   12%         3    ####...


Dungeon Overview and Level Annotations

Branches:
Dungeon (8/15)             Temple (0/1) D:6
   Lair: D:8-11

Altars:
Ashenzari
Dithmenos
Elyvilon
Kikubaaqudgha
Qazlal
Vehumet
Yredelemnul
The Shining One

Shops:
D:5 [

Annotations:
D:4 Blork the orc
D:7 aredel's ghost, experienced GrFi


Innate Abilities, Weirdness & Mutations

You cannot wear armour.
You are incapable of wielding weapons or throwing items.
Your paws have sharp claws.
You have razor-sharp teeth.
You have supernaturally acute eyesight.
You are carnivorous and can eat meat at any time.
You cover ground quickly.
You are covered in thick fur (AC +2).
You have a slow metabolism.
You can jump attack at a medium distance.


Message History

Your jackal zombie barely misses the orc warrior.
Your jackal zombie bites the orc warrior but does no damage. x2
Your jackal zombie barely misses the orc warrior.
The orc warrior barely misses your jackal zombie.
Your jackal zombie bites the orc warrior but does no damage.
Your jackal zombie closely misses the orc warrior.
The orc warrior hits your jackal zombie with a long sword!!
Your jackal zombie is destroyed!
Your jackal zombie bites the orc warrior but does no damage.
Your jackal zombie bites the orc warrior but does no damage.
Something barely misses your jackal zombie.
Your jackal zombie bites the orc warrior.
You are no longer magically infusing your attacks.
The hippogriff screeches!
You close the door.
Level annotation: aredel's ghost, experienced GrFi Welcome back, Kashira the Felid Skald.
Yredelemnul says: Carry the black torch!
Rouse the idle dead!
Press ? for a list of commands and other information.
Are you sure you want to abandon this character and quit the game? (Confirm with "yes".)

# #...#
##.........,*
**,*,* # #####
#.........,* *,,,,*
# #.O###'###**
*,,,,* # ##.###.#
*,,,,*** # #..##.#
*,,,,,,, # ##H##.#
*,,,**** #
#..#.######*,,,,,,,
#
##Z#......#*,,,,,,,
#
#@.......#*,,,,,,,
#
##.......#*#+#****
######
#.>.....###.###
.....#
##............#
.....#
#............#
.....#
#............#
....(#
#............#
.....#
#.#####......#
.....# #.# #......#


You could see a hippogriff, an ogre and a centaur skeleton.

Vanquished Creatures
  Eustachio (D:6)
  Edmund (D:7)
  An ice beast (D:5)
  2 centaurs (D:5)
  Sigmund (D:6)
  2 giant frogs
  A killer bee (D:7)
  A scorpion (D:7)
  2 hounds
  3 crimson imps
  2 iguanas
  A giant frog skeleton (D:6)
  Natasha (D:5)
  4 orc wizards
  3 worker ants
  Ijyb (D:3)
  Jessica (D:3)
  5 adders
  8 gnolls
  An orc zombie (D:7)
  A shadow imp (D:5)
  A worm (D:2)
  A gnoll zombie (D:6)
  An orc skeleton (D:5)
  3 giant geckos
  An ooze (D:5)
  8 orcs
  2 giant cockroaches
  10 goblins
  7 hobgoblins
  19 jackals
  2 quokkas
  A ball python (D:3)
  10 bats
  A giant newt (D:1)
  A goblin skeleton (D:4)
  10 kobolds
  A kobold skeleton (D:4)
  10 rats
  A rat skeleton (D:7)
133 creatures vanquished.

Vanquished Creatures (collateral kills)
  Grinder (D:5)
  An ice beast (D:6)
  An orc priest (D:6)
  An orc wizard (D:6)
  A gnoll shaman (D:6)
  A worker ant (D:6)
  A gnoll (D:6)
  A giant mite (D:6)
  4 orcs
12 creatures vanquished.

Vanquished Creatures (others)
  A giant frog zombie (D:6)
  A centaur zombie (D:5)
  A hound zombie (D:6)
  2 worker ant zombies (D:6)
  2 human zombies
  An iguana zombie (D:5)
  2 bat zombies
  A giant mite zombie (D:6)
  A goblin (D:3)
  2 gnoll zombies (D:6)
  A hobgoblin zombie (D:5)
  A jackal skeleton (D:7)
  2 jackal zombies (D:7)
  2 orc zombies (D:6)
  A quokka zombie (D:7)
21 creatures vanquished.

Grand Total: 166 creatures vanquished

Notes
Turn   | Place    | Note
--------------------------------------------------------------
     0 | D:1      | Kashira, the Felid Skald, began the quest for the Orb.
     0 | D:1      | Reached XP level 1. HP: 9/9 MP: 4/4
     0 | D:1      | Noticed a formicid
     0 | D:1      | Noticed a centaur
     1 | D:1      | Noticed a troll
     3 | D:1      | Noticed a spriggan
     3 | D:1      | Noticed a dwarf
     5 | D:1      | Noticed a vine stalker
     6 | D:1      | Noticed a felid
     8 | D:1      | Noticed a vine stalker
    10 | D:1      | Noticed a minotaur
    12 | D:1      | Noticed an elf
    14 | D:1      | Noticed a draconian
    16 | D:1      | Noticed a felid
    16 | D:1      | Noticed an ogre
    18 | D:1      | Noticed a naga
   285 | D:1      | Reached XP level 2. HP: 13/13 MP: 0/5
   885 | D:1      | Learned a level 2 spell: Shroud of Golubria
  1189 | D:2      | Found an ancient bone altar of Kikubaaqudgha.
  1198 | D:2      | Reached XP level 3. HP: 16/16 MP: 4/8
  1372 | D:2      | Reached skill level 4 in Charms
  1753 | D:3      | Found a basalt altar of Yredelemnul.
  1791 | D:3      | Became a worshipper of Yredelemnul the Dark
  1810 | D:3      | Found a white marble altar of Elyvilon.
  1937 | D:3      | Noticed Ijyb
  1957 | D:3      | Killed Ijyb
  1957 | D:3      | Reached XP level 4. HP: 10/20 MP: 1/10
  2170 | D:3      | Noticed a giant frog
  2172 | D:3      | Noticed Jessica
  2183 | D:3      | Killed a giant frog
  2183 | D:3      | Reached skill level 5 in Charms
  2183 | D:3      | Reached XP level 5. HP: 20/23 MP: 6/12
  2192 | D:3      | Killed Jessica
  2192 | D:3      | Reached skill level 6 in Charms
  2260 | D:3      | Found a radiant altar of Vehumet.
  2828 | D:3      | Found a glowing golden altar of the Shining One.
  3157 | D:4      | Noticed Blork the orc
  4035 | D:4      | Acquired Yredelemnul's first power
  4096 | D:4      | Gained mutation: You are covered in thick fur (AC +2). [growing up]
  4096 | D:4      | Gained mutation: You can jump attack at a medium distance. [growing up]
  4096 | D:4      | Reached XP level 6. HP: 28/28 MP: 9/14
  4294 | D:5      | Entered Level 5 of the Dungeon
  4311 | D:5      | Found a stormy altar of Qazlal.
  4311 | D:5      | Found a glowing golden altar of the Shining One.
  4338 | D:5      | Found a shattered altar of Ashenzari.
  5180 | D:5      | Reached XP level 7. HP: 22/32 MP: 8/17
  5213 | D:5      | Found Stekhaen's Armour Emporium.
  5214 | D:5      | Reached skill level 5 in Unarmed Combat
  5283 | D:5      | Noticed Grinder
  5283 | D:5      | Paralysed by Grinder for 7 turns
  5310 | D:5      | Killed Grinder
  5413 | D:5      | Noticed Natasha
  5430 | D:5      | Killed Natasha
  5998 | D:6      | Learned a level 2 spell: Song of Slaying
  6012 | D:6      | Learned a level 3 spell: Regeneration
  6161 | D:6      | Noticed Eustachio
  6179 | D:6      | Killed Eustachio
  6179 | D:6      | Reached skill level 5 in Dodging
  6179 | D:6      | Reached XP level 8. HP: 28/36 MP: 6/18
  6305 | D:6      | Found a shadowy altar of Dithmenos.
  6310 | D:6      | Reached skill level 1 in Necromancy
  6427 | D:6      | Found a staircase to the Ecumenical Temple.
  6495 | D:6      | Acquired Yredelemnul's second power
  6521 | D:6      | Reached skill level 7 in Dodging
  6587 | D:6      | Noticed Sigmund
  6600 | D:6      | Killed Sigmund
  6883 | D:6      | Reached skill level 8 in Dodging
  6991 | D:6      | Your ally Eustachio died
  7359 | D:7      | Noticed Edmund
  7498 | D:7      | Killed Edmund
  7508 | D:7      | Reached skill level 1 in Evocations
  7697 | D:7      | Your ally Edmund died
  7717 | D:7      | Noticed aredel's ghost (experienced GrFi)
  8256 | D:8      | HP: 1/36 [orc warrior/long sword (20)]
  8289 | D:7      | Quit the game

Action                   |  1- 3 |  4- 6 |  7- 9 || total
-------------------------+-------+-------+-------++-------
Melee: Unarmed           |   101 |   142 |   237 ||   480
 Cast: Infusion          |    26 |    26 |    34 ||    86
       Shroud of Golubri |     8 |    17 |    29 ||    54
       Regeneration      |       |       |    10 ||    10
Invok: Animate Remains   |       |     4 |    21 ||    25
       Recall Undead Sla |       |       |     2 ||     2
       Injury Mirror     |       |       |     1 ||     1
 Abil: Jump Attack       |     6 |     5 |     8 ||    19
Evoke: Wand              |       |       |     9 ||     9
  Use: Scroll            |       |     6 |    11 ||    17
       Potion            |       |     2 |     2 ||     4
 Stab: Distracted        |       |       |     4 ||     4
       Confused          |       |       |     5 ||     5
  Eat: Chunk             |    11 |     6 |    15 ||    32
